 Dungeon Crawl Stone Soup version 0.31-a0-208-gdb31a4691d (webtiles) character file.

Game seed: 4162057891400308309

704 Anon1729 the Wallflower (level 7, -7/54 HPs)
             Began as a Demonspawn Gladiator on June 28, 2023.
             Was a Follower of Uskayaw.
             Killed by divine providence
             ... invoked by an orc priest
              (12 damage)
             ... on level 6 of the Dungeon.
             The game lasted 00:03:17 (4118 turns).

Anon1729 the Wallflower (Demonspawn Gladiator)      Turns: 4118, Time: 00:03:17

Health: -7/54      AC:  7    Str: 14    XL:     7   Next: 39%
Magic:  10/10      EV: 13    Int: 10    God:    Uskayaw [*.....]
Gold:   182        SH:  0    Dex: 16    Spells: 6/6 levels left

rFire   . . .        a - +0 rapier
rCold   . . .        (no shield)
rNeg    . . .        b - +0 leather armour
rPois   .            c - +0 helmet
rElec   .            (no cloak)
rCorr   +            (no gloves)
SInv    .            (no boots)
Will    .....        (no amulet)
Stlth   +            h - ring of resist corrosion
HPRegen 0.29/turn    (no ring)
MPRegen 0.12/turn

%: no passive effects
@: mighty, lethally poisoned (-7 -> -19), weakened
A: hooves 1, yellow scales 2, foul stench 1, powered by pain 1
a: Renounce Religion, Stomp


You were on level 6 of the Dungeon.
You worshipped Uskayaw.
Uskayaw was noncommittal.
You visited 1 branch of the dungeon, and saw 6 of its levels.

You collected 266 gold pieces.
You spent 84 gold pieces at shops.

Inventory:

Hand Weapons
 a - a +0 rapier (weapon)
Missiles
 d - 3 throwing nets (quivered)
 e - 4 javelins
Armour
 b - a +0 leather armour (worn)
 c - a +0 helmet (worn)
Jewellery
 h - a ring of resist corrosion (left hand)
Wands
 u - a wand of charming (15)
Scrolls
 j - 2 scrolls of identify {unknown}
 l - 3 scrolls of teleportation {unknown}
 n - a scroll of fear {unknown}
 p - a scroll of noise {unknown}
 r - a scroll of revelation {unknown}
Potions
 f - a potion of attraction {unknown}
 g - 2 potions of enlightenment {unknown}
 i - a potion of brilliance {unknown}
 k - 2 potions of ambrosia {unknown}
 m - 2 potions of curing
 o - 4 potions of heal wounds {unknown}
 q - a potion of invisibility {unknown}
 s - a potion of might {unknown}
 t - a potion of mutation {unknown}


   Skills:
 + Level 4.1 Fighting
 + Level 4.2 Short Blades
 - Level 1.7 Throwing
 + Level 3.1 Armour
 + Level 4.1 Dodging
 + Level 4.5 Invocations


You had 6 spell levels left.
You didn't know any spells.
Your spell library contained the following spells:

 Spells                   Type           Power      Damage    Failure   Level
 Foxfire                  Conj/Fire      0%         2x1d4     43%         1
 Kiss of Death            Conj/Necr      0%         2d5       43%         1
 Necrotise                Necr           0%         1d4       43%         1
 Summon Guardian Golem    Hex/Summ       0%         N/A       80%         3
 Fireball                 Conj/Fire      0%         3d3       100%        5
 Plasma Beam              Fire/Air       0%         2x1d10    100%        6
 Starburst                Conj/Fire      0%         6d3       100%        6
 Haunt                    Necr/Summ      0%         N/A       100%        7
 Summon Horrible Things   Summ           0%         N/A       100%        8


Dungeon Overview and Level Annotations

Branches:
Dungeon (6/15)             Temple (0/1) D:5

Altars:
Nemelex Xobeh
Okawaru
Uskayaw

Shops:
D:3 !

Annotations:
D:3 1 runed translucent door, Anon1729's ghost, amateur DsGl


Innate Abilities, Weirdness & Mutations

You have large cloven feet.
You are mostly covered in yellow scales. (AC +3)
You may rarely emit foul miasma when damaged in melee.
You sometimes gain a little power by taking damage.


Message History

The orc misses you.
A gnoll comes into view. It is wielding a +0 spear.
The killer bee is engulfed in dark miasma.
The killer bee looks even sicker.
The killer bee stings you. The killer bee closely misses you.
A gnoll bouda comes into view. It is wielding a +0 whip.
You closely miss the killer bee.
The killer bee is severely wounded.
You feel sick.
The killer bee is no longer moving slowly.
The killer bee barely misses you.
The killer bee is engulfed in dark miasma.
The killer bee looks even sicker.
You kill the killer bee!
The killer bee stings you but does no damage.
You barely miss the killer bee.
You feel sick. The killer bee stings you.
You are more poisoned.
The killer bee poisons you! The killer bee stings you.
The killer bee completely misses you.
The gnoll bouda gazes fiercely through you!
You feel your attacks grow feeble. The killer bee stings you!
The orc barely misses you.
You are too injured to fight recklessly!
You are too injured to fight recklessly!
You are too injured to fight recklessly!
You are too injured to fight recklessly!
Okay, then.
You feel very sick.
You feel sick. The killer bee stings you.
* * * LOW HITPOINT WARNING * * *
You are more poisoned.
The killer bee poisons you!
The killer bee attacks as you move away!
The killer bee barely misses you.
* * * LOW HITPOINT WARNING * * *
You feel very sick. The killer bee barely misses you.
The orc priest calls down the wrath of Beogh upon you.
Beogh smites you!
You die...

...............
...........gg.
............#
.....?..o...#
.!.....oo...#
.......ooog.#
..#.#..y....#
........oYy.+
..#.#.....@.#
..................
..................
..................
......###+##..!...
..... ...... ...
...... ......


You could see an ice beast, a gnoll bouda, 2 killer bees, an orc priest, 2
gnolls and 6 orcs.

Vanquished Creatures
  An ice beast (D:5)
  A black bear (D:5)
  A phantom (D:5)
  A scorpion (D:2)
  A killer bee (D:6)
  A hound (D:4)
  A jelly (D:5)
  4 orc wizards
  3 gnolls (D:4)
  4 adders
  A shadow imp (D:5)
  4 worms
  2 dart slugs
  14 orcs
  6 ball pythons
  6 endoplasms
  7 goblins
  6 hobgoblins
  9 jackals
  4 quokkas
  2 bats
  A frilled lizard (D:2)
  8 kobolds
  4 rats
92 creatures vanquished.

Vanquished Creatures (others)
  An orc wizard (D:5)
1 creature vanquished.

Grand Total: 93 creatures vanquished

Notes
Turn   | Place    | Note
-------+----------+-------------------------------------------
     0 | D:1      | Anon1729 the Demonspawn Gladiator began the quest for the
                  | Orb.
     0 | D:1      | Reached XP level 1. HP: 16/16 MP: 1/1
    87 | D:1      | Found a faded altar of an unknown god.
   211 | D:1      | Gained mutation: You are partially covered in yellow
                  | scales. (AC +2) [demonic ancestry]
   211 | D:1      | Reached XP level 2. HP: 18/22 MP: 2/2
   303 | D:1      | Reached skill level 1 in Invocations
   892 | D:2      | Gained mutation: You are mostly covered in yellow scales.
                  | (AC +3) [demonic ancestry]
   892 | D:2      | Reached XP level 3. HP: 24/28 MP: 4/4
   982 | D:2      | Reached skill level 1 in Armour
  1059 | D:2      | Noticed a scorpion
  1073 | D:2      | Killed a scorpion
  1074 | D:2      | Gained mutation: You sometimes gain a little power by
                  | taking damage. [demonic ancestry]
  1074 | D:2      | Reached XP level 4. HP: 23/34 MP: 5/5
  1799 | D:3      | Found Costruywk's Distillery.
  1805 | D:3      | Found a runed translucent door.
  1807 | D:3      | Bought a potion of curing for 42 gold pieces
  1807 | D:3      | Bought a potion of curing for 42 gold pieces
  1810 | D:3      | Noticed Anon1729's ghost (amateur DsGl)
  1859 | D:3      | Found a sparkling altar of Nemelex Xobeh.
  2022 | D:3      | Got the Thoughts on Sinister Accomplices
  2301 | D:4      | Gained mutation: You have large cloven feet. [demonic
                  | ancestry]
  2301 | D:4      | Reached XP level 5. HP: 11/41 MP: 6/6
  2802 | D:4      | Found a hide-covered altar of Uskayaw.
  2916 | D:4      | Found an iron altar of Okawaru.
  2983 | D:4      | Identified the +7 tower shield "Goeteqin" {rPois rN+++
                  | Int+4 Dex-5}
  3027 | D:5      | Entered Level 5 of the Dungeon
  3051 | D:5      | Noticed a black bear
  3068 | D:5      | Killed a black bear
  3069 | D:5      | Reached XP level 6. HP: 35/47 MP: 8/8
  3417 | D:5      | Noticed an ice beast
  3445 | D:5      | Killed an ice beast
  3446 | D:5      | Gained mutation: You may rarely emit foul miasma when
                  | damaged in melee. [demonic ancestry]
  3446 | D:5      | Reached XP level 7. HP: 29/53 MP: 10/10
  3698 | D:4      | Became a worshipper of Uskayaw the Reveller
  3713 | D:5      | Found a staircase to the Ecumenical Temple.
  3756 | D:5      | Reached * piety under Uskayaw
  3757 | D:5      | Reached ** piety under Uskayaw
  4118 | D:6      | Killed from afar by an orc priest

Illustrated notes

Levels and vault maps discovered:
D:1:      saegor_arrival_simple_e, layout_basic,
          hellmonk_ecumenical_altar_prayer_group
D:2:      layout_loops_ring, eino_tiny_chamber
D:3:      layout_loops_cross, elyvilon_altar_5, mainiacjoe_overflow_boulevard,
          ebering_ghost_sewer_d, serial_shops, shop
D:4:      layout_rooms, nicolae_overflow_hidden_temple,
          okawaru_altar_gauntlet_db, dk_noncrumbling_4
D:5:      layout_rooms, minmay_temple_entry_wispy, bh_walls_and_bars
D:6:      layout_gridville, serial_glass, glass_columns_a, glass_columns_a,
          due_unseen_surprise, item_on_display_b, feat_on_display

Skill      XL: |  1  2  3  4  5  6  7 |
---------------+----------------------+-----
Invocations    | 1 2 3 4 |  4.5
Armour         | 1 2 3 |  3.1
Short Blades   | 3 4 |  4.2
Dodging        | 3 4 |  4.1
Fighting       | 3 4 |  4.1
Throwing       | |  1.7

Action                     |  1- 3 |  4- 6 |  7- 9 || total
---------------------------+-------+-------+-------++-------
  Melee: Rapier            |   113 |   240 |    52 ||   405
         Punch             |     2 |     3 |       ||     5
         Kick              |       |    42 |    11 ||    53
    Use: Potion            |     1 |     1 |       ||     2
 Armour: Leather armour    |    47 |   124 |    15 ||   186
  Dodge: Dodged            |    80 |   152 |    33 ||   265

Table legend: (Time is in decaauts)
 A = Elapsed time spent in this place.
 B = Non-inter-level travel time spent in this place.
 C = Inter-level travel time spent in this place.
 D = Time resting spent in this place.
 E = Time spent auto-exploring this place.
 F = Levels seen in this place.
 G = Mean time per level.
                   A        B        C        D        E       F      G
               +--------+--------+--------+--------+--------+-----+--------+
         Total |   4131 |   3971 |    160 |    399 |   2799 |   6 |  688.5 |
       Dungeon |   4131 |   3971 |    160 |    399 |   2799 |   6 |  688.5 |
               +--------+--------+--------+--------+--------+-----+--------+

Top non-repeatable levels by time:
     D:5: 1057 daAuts
     D:2: 864 daAuts
     D:4: 771 daAuts
     D:1: 757 daAuts
     D:3: 670 daAuts
     D:6: 9 daAuts
